 Dungeon Crawl Stone Soup version 0.18-a0-1778-gadce9fa (webtiles) character file.

14542 Moloch the Grappler (level 11, -9/136 HPs)
             Began as a White Draconian Fighter on Apr 16, 2016.
             Was a Believer of Ru.
             Mangled by a spectral orc knight
             ... wielding a +0 glaive
             ... summoned by Nergalle
              (10 damage)
             ... on level 1 of the Lair of Beasts.
             The game lasted 00:46:51 (17096 turns).

Moloch the Grappler (White Draconian Fighter)      Turns: 17096, Time: 00:46:52

Health: -9/136     AC:  6    Str: 22 (23) XL:     11   Next: 90%
Magic:  11/11      EV: 12    Int: 12      God:    Ru [**....]
Gold:   556        SH: 10    Dex: 12 (13) Spells: 0 memorised, 10 levels left

rFire  + . .     SeeInvis .       - Unarmed
rCold  + + +     Gourm    .     (armour unavailable)
rNeg   . . .     Faith    .     a - +1 shield
rPois  +         Spirit   .     E - +1 hat
rElec  +         Dismiss  .     (no cloak)
rCorr  +         Reflect  .     (no gloves)
SustAt .         Harm     .     H - +0 pair of boots
MR     .....     Rnd*Rage +     (no amulet)
Stlth  ..........               (no ring)
                                B - ring of stealth

@: berserking, resistant, very slightly contaminated, hasted, very heavily
drained, very quick, not resistant to hostile enchantments, extremely unstealthy
A: breathe frost, unfitting armour, hooves 1, stinger 1, berserk 1, blurry
vision 1, clever 1, cold resistance 2, deterioration 1, mutation resistance 1,
sense surroundings 1, wild magic 1, cold-blooded, hated by all, reduced AC 1, AC
+7
a: Breathe Frost, Renounce Religion


You were on level 1 of the Lair of Beasts.
You worshipped Ru.
Ru was pleased with you.
You were not hungry.

You visited 3 branches of the dungeon, and saw 12 of its levels.

You collected 583 gold pieces.
You spent 27 gold pieces at shops.

Inventory:

Missiles
 s - 5 javelins (quivered)
Armour
 a - a +1 shield (worn)
 E - a +1 hat (worn)
 H - a +0 pair of boots (worn)
Jewellery
 B - a ring of stealth (left hand)
 G - an uncursed ring of fire
Wands
 e - a wand of slowing (23/48)
 v - a wand of flame (23/48)
 y - a wand of flame (18/48)
 F - a wand of disintegration (6/24)
 K - a wand of acid (4/15)
 L - a wand of paralysis (15/24)
 N - a wand of slowing (13/48)
Scrolls
 h - 2 scrolls of fear
 i - 2 scrolls of remove curse
 l - a scroll of recharging
 o - 2 scrolls of enchant armour
 q - 3 scrolls of teleportation
 t - 3 scrolls of enchant weapon
 C - a scroll of amnesia
 J - a scroll of fog
 O - a scroll of blinking
Potions
 d - a potion of ambrosia {unknown}
 j - 3 potions of curing
 k - a potion of heal wounds
 m - a potion of flight
 p - a potion of magic
 r - 2 potions of brilliance
 w - a potion of lignification {unknown}
 z - a potion of beneficial mutation
 A - a potion of haste
Books
 n - a book of the Tempests

   Spells                             Type                      Level
   a - Static Discharge               Conjuration/Air              3
   b - Lightning Bolt                 Conjuration/Air              5
   c - Fireball                       Conjuration/Fire             5
   d - Tornado                        Air                          9
   e - Shatter                        Earth                        9
Comestibles
 b - a beef jerky
 c - 3 bread rations
 f - 2 chunks of flesh
 u - 2 meat rations
 I - 2 fruits
 M - 10 royal jellies


   Skills:
 + Level 6.5(3.2) Fighting
 * Level 9.4(5.8) Dodging
 * Level 7.1(3.7) Shields
 + Level 14.2(10.2) Unarmed Combat


You had 10 spell levels left.
You didn't know any spells.

Dungeon Overview and Level Annotations

Branches:
Dungeon (10/15)            Temple (1/1) D:6            Lair (1/8) D:10
    Orc: D:9-12

Altars:
Ashenzari
Dithmenos
Elyvilon
Makhleb
Pakellas
Qazlal
Ru
Sif Muna
Trog
Xom
Yredelemnul
Zin

Shops:
D:5 *   D:10 *

Annotations:
D:8 exclusion: lightning spire
D:9 exclusion: downstairs
D:10 Josephine
Lair:1 Nergalle


Innate Abilities, Weirdness & Mutations

You can breathe waves of freezing cold.
You can buffet flying creatures when you breathe cold.
Your icy white scales are hard (AC +7).
Your body does not fit into most forms of armour.
Your flesh is very cold resistant.
You are cold-blooded and may be slowed by cold attacks.
You are hated by all.
You take slightly more damage. (AC -3)
You have large cloven feet.
Your tail ends in a poisonous barb.
You tend to lose your temper in combat.
Scrolls take you a little longer to read.
Your mind is acute. (Int +2)
Your body sometimes deteriorates upon taking damage.
You are somewhat resistant to further mutation.
You passively map a small area around you.
Your spells are a little harder to cast, but a little more powerful.


Message History

You tail-slap Nergalle.
Nergalle is severely wounded.
Nergalle points at the spectral orc and mumbles some strange words.
The spectral orc seems to speed up.
The spectral orc warrior hits you but does no damage.
The spectral orc knight is stunned by your will and fails to attack.
The spectral orc barely misses you.
Unknown command.
Unknown command.
You closely miss Nergalle.
Nergalle is severely wounded.
You block the spectral orc warrior's attack. x2
Nergalle asks, "There's a tasty morsel, hm?"
You block Nergalle's attack.
Unknown command.
You punch Nergalle!
Your tail-slap misses Nergalle.
Nergalle is almost dead.
You block the spectral orc's attack.
The spectral orc knight hits you with a glaive!
You die...

#.###......# ###.#......#
#........## #....P#...#
#...###...##
#####..##..#.#
.####.......#######
........o....##..Z#
#............##.@Z#
##....#####..##oZZ#
##.....####...Z.Z.#
###.......##......# ### #
#...###.##...##.####.###
###...###......###.......#
.....................#..##
....#...................#
....#....♣♣...♣.....♣...#


You could see Nergalle, a spectral orc, 4 spectral orc warriors and a spectral
orc knight.

Vanquished Creatures
  Gastronok (D:9)
  Urug (Lair:1)
  An unseen horror (D:10)
  2 hill giants
  A spiny frog (Lair:1)
  A komodo dragon (Lair:1)
  2 trolls (D:10)
  A two-headed ogre (D:9)
  Prince Ribbit (D:5)
  A vampire (D:9)
  Sigmund (D:2)
  5 wraiths (D:10)
  7 yaks
  A hippogriff (D:10)
  A human (D:4)
  A hungry ghost (D:8)
  Edmund (D:4)
  2 water moccasins
  A porcupine (Lair:1)
  3 black bears
  3 necrophages
  2 ogres
  3 orc warriors
  5 ice beasts
  4 phantoms
  6 sky beasts
  5 centaurs
  3 crocodiles
  4 giant frogs
  6 scorpions
  11 killer bees
  6 wights
  2 howler monkeys
  A giant frog zombie (D:6)
  2 crimson imps
  A wasp zombie (D:9)
  A centaur zombie (D:8)
  2 giant frog skeletons
  9 jellies
  A human zombie (D:4)
  4 orc priests
  6 hounds
  17 orc wizards
  Terence (D:1)
  8 iguanas
  11 worker ants
  A killer bee zombie (D:8)
  A hound zombie (D:9)
  A hound skeleton (D:4)
  A howler monkey zombie (D:9)
  14 adders
  6 gnolls
  2 howler monkey skeletons
  4 river rats
  4 shadow imps
  7 oozes
  4 worms
  6 dart slugs
  4 giant geckos
  39 orcs
  9 giant cockroaches
  9 goblins
  12 hobgoblins
  12 jackals
  7 quokkas
  13 bats
  A giant cockroach zombie (D:6)
  A giant gecko skeleton (D:9)
  7 giant newts
  A goblin zombie (D:4)
  A jackal zombie (D:4)
  4 kobolds
  A quokka zombie (D:5)
  20 rats
351 creatures vanquished.

Vanquished Creatures (others)
  3 bushes (D:8)
  4 fungi (D:10)
  A plant (D:10)
8 creatures vanquished.

Grand Total: 359 creatures vanquished

Notes
Turn   | Place    | Note
--------------------------------------------------------------
     0 | D:1      | Moloch the Draconian Fighter began the quest for the Orb.
     0 | D:1      | Reached XP level 1. HP: 19/19 MP: 1/1
   150 | D:1      | Reached skill level 3 in Unarmed Combat
   150 | D:1      | Reached XP level 2. HP: 1/26 MP: 2/2
   847 | D:1      | Reached XP level 3. HP: 31/31 MP: 3/3
  1272 | D:2      | Noticed Sigmund
  1301 | D:1      | Reached skill level 4 in Unarmed Combat
  1642 | D:2      | Noticed Terence
  1948 | D:1      | Killed Terence
  1948 | D:1      | Reached XP level 4. HP: 19/38 MP: 4/4
  2419 | D:2      | Killed Sigmund
  2419 | D:2      | Reached skill level 6 in Unarmed Combat
  2419 | D:2      | Reached XP level 5. HP: 28/45 MP: 5/5
  2800 | D:3      | Found a shattered altar of Ashenzari.
  2839 | D:3      | Reached XP level 6. HP: 49/51 MP: 6/6
  3187 | D:3      | Noticed a moth of wrath
  3190 | D:3      | Found a bloodstained altar of Trog.
  3697 | D:4      | Reached skill level 7 in Unarmed Combat
  4183 | D:4      | Your scales start taking on an icy white colour.
  4183 | D:4      | Reached XP level 7. HP: 40/57 MP: 7/7
  4183 | D:4      | Gained mutation: Your flesh is cold resistant. [White Draconian growth]
  4277 | D:4      | Found a runed door.
  4277 | D:4      | Noticed a human
  4278 | D:4      | Found a basalt altar of Yredelemnul.
  4299 | D:4      | Killed a human
  4299 | D:4      | Reached skill level 8 in Unarmed Combat
  4549 | D:4      | Reached skill level 9 in Unarmed Combat
  4772 | D:5      | Entered Level 5 of the Dungeon
  4772 | D:5      | Noticed Edmund
  4799 | D:4      | Killed Edmund
  4799 | D:4      | Reached XP level 8. HP: 48/63 MP: 8/8
  4899 | D:5      | Noticed Prince Ribbit
  4908 | D:5      | Killed Prince Ribbit
  4908 | D:5      | Reached skill level 10 in Unarmed Combat
  5480 | D:5      | Found Bolaahug's Elemental Accessories.
  6173 | D:6      | Reached skill level 11 in Unarmed Combat
  6817 | D:6      | Found a staircase to the Ecumenical Temple.
  6828 | Temple   | Entered the Ecumenical Temple
  6885 | Temple   | Became a worshipper of Ru the Awakened
  6975 | D:6      | Gained mutation: You have large cloven feet. [mutagenic meat]
  6976 | D:6      | Gained mutation: You tend to lose your temper in combat. [mutagenic meat]
  6977 | D:6      | Lost mutation: You tend to lose your temper in combat. [mutagenic meat]
  6978 | D:6      | Gained mutation: You passively map a small area around you. [mutagenic meat]
  6979 | D:6      | Gained mutation: Your mind is acute. (Int +2) [mutagenic meat]
  6980 | D:6      | Gained mutation: Your tail ends in a poisonous barb. [mutagenic meat]
  7084 | D:6      | Found a shimmering altar of Xom.
  7221 | D:7      | Reached XP level 9. HP: 58/70 MP: 9/9
  7349 | D:7      | Reached skill level 12 in Unarmed Combat
  7517 | D:7      | You fall through a shaft!
  7696 | D:8      | Gained mutation: Scrolls take you a little longer to read. [mutagenic meat]
  8595 | D:8      | Reached skill level 13 in Unarmed Combat
  8610 | D:8      | Gained mutation: You are hated by all. [Ru sacrifice]
  8610 | D:8      | Reached * piety under Ru
  8980 | D:8      | Found a glowing silver altar of Zin.
  8980 | D:8      | Noticed an angel
  9423 | D:9      | Noticed a hill giant
  9468 | D:9      | Killed a hill giant
  9468 | D:9      | Reached XP level 10. HP: 72/78 MP: 10/10
  9862 | D:9      | Noticed Gastronok
  9875 | D:9      | Killed Gastronok
 10206 | D:9      | Reached skill level 5 in Fighting
 10472 | D:9      | Reached skill level 5 in Shields
 10472 | D:9      | Reached XP level 11. HP: 20/88 MP: 11/11
 10917 | D:9      | Found a white marble altar of Elyvilon.
 11007 | D:8      | Found an oddly glowing altar of Pakellas.
 11008 | D:8      | Noticed a deep elf knight
 11322 | D:8      | Gained mutation: You take slightly more damage. (AC -3) [Ru sacrifice]
 11322 | D:8      | Reached ** piety under Ru
 12288 | D:7      | Found a shadowy altar of Dithmenos.
 12843 | D:10     | Entered Level 10 of the Dungeon
 13009 | D:10     | Reached skill level 14 in Unarmed Combat
 13021 | D:10     | Noticed Josephine
 13358 | D:10     | Noticed a hill giant
 13380 | D:10     | Killed a hill giant
 14149 | D:10     | Killed an unseen horror
 14603 | D:10     | Gained mutation: You tend to lose your temper in combat. [mutagenic meat]
 15735 | D:10     | Found Kukhla's Assorted Antiques.
 15829 | D:10     | Bought a smoky inky potion for 27 gold pieces
 16191 | D:10     | Found a staircase to the Lair.
 16353 | Lair:1   | Entered Level 1 of the Lair of Beasts
 16374 | Lair:1   | Noticed Urug
 16379 | Lair:1   | Gained mutation: You are somewhat resistant to further mutation. [potion of mutation]
 16379 | Lair:1   | Gained mutation: Your spells are a little harder to cast, but a little more powerful. [potion of mutation]
 16379 | Lair:1   | Gained mutation: Your flesh is very cold resistant. [potion of mutation]
 16380 | Lair:1   | Gained mutation: Your body sometimes deteriorates upon taking damage. [potion of mutation]
 16416 | Lair:1   | Killed Urug
 16978 | Lair:1   | Noticed Nergalle
 17091 | Lair:1   | HP: 4/136 [spectral orc warrior/long sword[Nergalle] (6)]
 17092 | Lair:1   | HP: 1/136 [spectral orc knight/glaive[Nergalle] (4)]
 17096 | Lair:1   | Mangled by a spectral orc knight

Vault maps used:
D:1:      dpeg_arrival_radiant, dk_noncrumbling_2, hangedman_decor_riveting
D:2:      uniq_sigmund, uniq_terence
D:3:      tgw_trog, evilmike_ruin_ashenzari, wad_floor_pattern_2
D:4:      dk_yredelemnul_ordeal
D:5:      first_bread, nicolae_elemental_shop, uniq_prince_ribbit1, uniq_edmund
D:6:      lemuel_round_altar, minmay_temple_entry_grid
D:7:      grunt_dithmenos_smoke_and_mirrors
D:8:      zin_angel, gammafunk_pakellas_spire_experiment,
          hangedman_little_slice_of_home, corexii_checkpoint_a
D:9:      minmay_opposing_rooms, elyvilon_altar_4, uniq_gastronok
D:10:     grunt_lair_entry_orc_guard_hut, kennysheep_diamond, uniq_josephine
Temple:   nicolae_temple_figure_eight
Lair:1:   dpeg_oklob_gauntlet, nicolae_lair_grove_arrangements,
          grunt_megastairs_1, uniq_nergalle, uniq_urug

Skill      XL: |  1  2  3  4  5  6  7  8  9 10 11 |
---------------+----------------------------------+-----
Unarmed Combat | 3 4 6 7 9 11 13 14 | 14.2
Dodging        | 4 7 9 |  9.4
Fighting       | 4 5 6 |  6.5
Shields        | 5 7 |  7.1

Action                   |  1- 3 |  4- 6 |  7- 9 | 10-12 || total
-------------------------+-------+-------+-------+-------++-------
Melee: Unarmed           |   164 |   217 |   420 |   715 ||  1516
       Tailslap          |    27 |    24 |    56 |   101 ||   208
       Kick              |       |       |    63 |       ||    63
Invok: Sacrifice Love    |       |       |     1 |       ||     1
       Sacrifice Health  |       |       |       |     1 ||     1
       Reject Sacrifices |       |       |       |     1 ||     1
 Abil: Breathe Frost     |       |       |    27 |    22 ||    49
  Use: Potion            |     2 |       |     2 |    10 ||    14
       Scroll            |       |       |    16 |    10 ||    26
 Stab: Invisible         |     1 |       |       |     6 ||     7
       Sleeping          |       |       |     2 |     1 ||     3
       Distracted        |       |       |       |     6 ||     6
  Eat: Chunk             |     3 |     8 |    27 |    35 ||    73
       Beef jerky        |       |       |     1 |     1 ||     2
       Pizza             |       |       |     1 |       ||     1
       Fruit             |       |       |       |     1 ||     1
Armor: Skin              |    30 |    45 |    77 |    92 ||   244
Dodge: Dodged            |    69 |    77 |   122 |   265 ||   533
Block: Shield            |    67 |    77 |   156 |   286 ||   586
